 Dungeon Crawl Stone Soup version 0.27.1-33-g824d729ab1 (webtiles) character file.

Game seed: 13049901768216540399

77 Anathary the Chopper (level 4, -5/36 HPs)
             Began as a Demonspawn Berserker on Nov 28, 2021.
             Was a Believer of Trog.
             Slain by a gnoll (10 damage)
             ... on level 3 of the Dungeon.
             The game lasted 00:07:48 (2100 turns).

Anathary the Chopper (Demonspawn Berserker)         Turns: 2100, Time: 00:07:49

Health: -5/36      AC:  8    Str: 18    XL:     4   Next: 14%
Magic:  4/4        EV:  7    Int:  9    God:    Trog [**....]
Gold:   57         SH:  0    Dex: 12    Spells: 3/3 levels left

rFire    . . .     SeeInvis .   c - +0 hand axe (freeze)
rCold    . . .     Faith    .   (no shield)
rNeg     . . .     Spirit   .   e - +0 chain mail
rPois    .         Reflect  .   (helmet restricted)
rElec    .         Harm     .   (no cloak)
rCorr    .         Rampage  .   (no gloves)
Will     .....                  (no boots)
Stlth    ..........             (no amulet)
HPRegen  0.12/turn              (no ring)
MPRegen  0.09/turn              (no ring)

@: no status effects
A: horns 1, ignite blood 1, powered by death 1
a: Renounce Religion, Berserk, Trog's Hand


You were on level 3 of the Dungeon.
You worshipped Trog.
Trog was pleased with you.
You visited 1 branch of the dungeon, and saw 3 of its levels.

You collected 57 gold pieces.

Inventory:

Hand Weapons
 c - a +0 hand axe of freezing (weapon)
Armour
 d - a +0 helmet
 e - a +0 chain mail (worn)
Scrolls
 a - a scroll of immolation {unknown}
 b - a scroll of noise {unknown}
 f - a scroll of teleportation {unknown}


   Skills:
 + Level 3.6 Fighting
 * Level 4.1 Axes
 - Level 1.7 Armour
 - Level 1.8 Dodging


You had 3 spell levels left.
You didn't know any spells.
Your spell library was empty.

Dungeon Overview and Level Annotations

Branches:
Dungeon (3/15)

Altars:


Innate Abilities, Weirdness & Mutations

You have a pair of small horns on your head.
Your demonic aura sometimes causes spilled blood to erupt in flames.
You regenerate a little health from kills.


Message History

The gnoll is lightly wounded.
The gnoll hits you but does no damage. The gnoll closely misses you.
You hit the gnoll. You freeze the gnoll.
The gnoll is heavily wounded.
The gnoll hits you with a +0 club. The gnoll barely misses you.
The gnoll hits you but does no damage.
You hit the gnoll. You freeze the gnoll.
You kill the gnoll!
Trog accepts your kill. The gnoll closely misses you.
Your Axes skill increases to level 4!
You have reached level 4!
You feel clever.
Your demonic ancestry asserts itself...
A pair of horns grows on your head!
Your +0 helmet falls away!
You slash the gnoll! You freeze the gnoll.
The gnoll is almost dead.
The gnoll hits you but does no damage. The gnoll barely misses you.
You hit the gnoll. You freeze the gnoll.
You kill the gnoll!
Trog accepts your kill.
The gnoll hits you from afar with a +0 halberd!
The frilled lizard unfolds its giant frill.
The gnoll hits you from afar with a +0 halberd!
* * * LOW HITPOINT WARNING * * *
You closely miss the frilled lizard.
Your headbutt misses the frilled lizard.
The frilled lizard bites you but does no damage.
The gnoll closely misses you.
You closely miss the frilled lizard.
The frilled lizard bites you but does no damage.
The gnoll hits you from afar with a +0 halberd.
* * * LOW HITPOINT WARNING * * *
You barely miss the frilled lizard. The frilled lizard barely misses you.
The gnoll barely misses you.
You miss the frilled lizard.
Your headbutt misses the frilled lizard.
The frilled lizard barely misses you.
The gnoll hits you from afar with a +0 halberd!
You die...

#.[...# ##.##### #..# #.#
##.## .. #..# ##.# .
#.#####.. ..#
.###....##.# #...#
........##.########......
#.#.............@lg......
# #...........#####......
#...........# .....
#...####......# ...# .#..
#......# ... #.#
#........ .. #.
#......### . .......#
...######


You could see a gnoll and a frilled lizard.

Vanquished Creatures
  3 gnolls (D:3)
  An adder (D:2)
  A dart slug (D:2)
  5 endoplasms
  A giant cockroach (D:2)
  5 goblins
  2 hobgoblins (D:1)
  4 jackals (D:2)
  2 quokkas (D:1)
  3 ball pythons
  2 frilled lizards (D:1)
  8 rats
  A spectral hobgoblin (D:1)
38 creatures vanquished.

Vanquished Creatures (others)
  3 fungi (D:1)
  5 plants (D:1)
8 creatures vanquished.

Grand Total: 46 creatures vanquished

Notes
Turn   | Place    | Note
-------+----------+-------------------------------------------
     0 | D:1      | Anathary the Demonspawn Berserker began the quest for the
                  | Orb.
     0 | D:1      | Reached XP level 1. HP: 18/18 MP: 1/1
   409 | D:1      | Found a faded altar of an unknown god.
   620 | D:1      | Reached skill level 3 in Axes
   813 | D:1      | Gained mutation: You regenerate a little health from kills.
                  | [demonic ancestry]
   813 | D:1      | Reached XP level 2. HP: 24/24 MP: 2/2
  1367 | D:2      | Reached ** piety under Trog
  1488 | D:2      | Gained mutation: Your demonic aura sometimes causes spilled
                  | blood to erupt in flames. [demonic ancestry]
  1488 | D:2      | Reached XP level 3. HP: 29/29 MP: 3/3
  2094 | D:3      | Reached skill level 4 in Axes
  2094 | D:3      | Gained mutation: You have a pair of small horns on your
                  | head. [demonic ancestry]
  2094 | D:3      | Reached XP level 4. HP: 19/36 MP: 4/4
  2100 | D:3      | Slain by a gnoll

Illustrated notes

Levels and vault maps discovered:
D:1:      dpeg_arrival_water_fire, layout_basic,
          dreamdust_ecumenical_altar_drowned_temple
D:2:      layout_basic, minmay_misc_feat_cross
D:3:      layout_rooms, serial_shops, nicolae_shop_window_shopping, uniq_ijyb

Skill      XL: |  1  2  3 |
---------------+----------+-----
Axes           | 3 4 |  4.1
Fighting       | |  3.6
Armour         | |  1.7
Dodging        | |  1.8

Action                   |  1- 3 |  4- 6 || total
-------------------------+-------+-------++-------
Melee: Hand axe          |    99 |     6 ||   105
Armor: Animal skin       |     9 |       ||     9
       Chain mail        |    20 |     3 ||    23
Dodge: Dodged            |    53 |     5 ||    58
